 Dungeon Crawl Stone Soup version 0.20.1-1-g8b1a95d (webtiles) character file.

305 empire the Slasher (level 6, 0/51 HPs)
             Began as a Draconian Monk on Oct 23, 2017.
             Slain by an orc priest
             ... wielding a +0 club
              (4 damage)
             ... on level 4 of the Dungeon.
             The game lasted 00:07:25 (3749 turns).

empire the Slasher (Draconian Monk)                 Turns: 3749, Time: 00:07:26

Health: 0/51       AC:  7    Str: 13    XL:     6   Next: 15%
Magic:  16/16      EV: 14    Int: 11    God:
Gold:   329        SH:  0    Dex: 15    Spells: 6/6 levels left

rFire    . . .     SeeInvis .   b - +0 long sword
rCold    . . .     Gourm    .   (no shield)
rNeg     . . .     Faith    .   (armour unavailable)
rPois    +         Spirit   .   (helmet restricted)
rElec    .         Reflect  .   (no cloak)
rCorr    .         Harm     .   e - +0 pair of gloves
MR       .....                  (no boots)
Stlth    ++........             (no amulet)
Regen    0.2/turn               h - ring of magical power
MPRegen  0.2/turn               q - ring of poison resistance

@: no status effects
A: unfitting armour, cold-blooded, AC +6
a: no special abilities


You were on level 4 of the Dungeon.
You were not hungry.

You visited 1 branch of the dungeon, and saw 4 of its levels.
You also visited: Ossuary.

You collected 329 gold pieces.

Inventory:

Hand Weapons
 a - a +0 falchion
 b - a +0 long sword (weapon)
Armour
 e - a +0 pair of gloves (worn)
Jewellery
 h - a ring of magical power (left hand)
 q - a ring of poison resistance (right hand)
Wands
 n - a wand of disintegration (5/24)
Scrolls
 c - 6 scrolls of identify
 g - a scroll of immolation {unknown}
 k - a scroll of teleportation
 l - a scroll of fog
 m - a scroll of blinking
 y - a scroll of enchant armour {unknown}
Potions
 d - 4 potions of curing
 j - 3 potions of brilliance
 p - a potion of lignification
 s - a potion of flight {unknown}
 t - a potion of degeneration {unknown}
 u - a potion of cancellation {unknown}
 v - 2 potions of invisibility {unknown}
 w - a potion of magic {unknown}
 x - 3 potions of heal wounds
Books
 r - a book of Misfortune

   Spells                             Type                      Level
   a - Confusing Touch                Hexes                        1
   b - Confuse                        Hexes                        3
   c - Gell's Gravitas                Translocation                3
   d - Petrify                        Transmutation/Earth          4
   e - Metabolic Englaciation         Hexes/Ice                    5
   f - Yara's Violent Unravelling     Hexes/Transmutation          5
Comestibles
 f - 2 meat rations
 i - 3 royal jellies
 o - a bread ration


   Skills:
 - Level 3.2 Fighting
 * Level 5.0 Long Blades
 * Level 4.1 Dodging
 + Level 3.4 Stealth
 + Level 0.6 Spellcasting


You had 6 spell levels left.
You didn't know any spells.

Dungeon Overview and Level Annotations

Branches:
Dungeon (4/15)
 Temple: D:4-7

Altars:
Zin


Innate Abilities, Weirdness & Mutations

Your plain brown scales are hard. (AC +6)
You cannot fit into any form of body armour.
You are cold-blooded and may be slowed by cold attacks.


Message History

You tail-slap the orc, but do no damage.
The orc is heavily wounded.
The orc misses you.
You riposte.
You hit the orc.
The orc is severely wounded.
You hit the orc.
You kill the orc!
The orc priest invokes the aid of Beogh against you.
Beogh smites you!
* * * LOW HITPOINT WARNING * * *
The orc priest hits you with a club.
* * * LOW HITPOINT WARNING * * *
Things that are here:
a trident; 4 tomahawks You closely miss the orc priest.
The orc priest looks encouraged for a moment.
You hit the orc priest.
You tail-slap the orc priest, but do no damage.
The orc priest is moderately wounded.
The orc priest hits you with a club.
You die...

#....# ####. #.#
#..### #. #.# #..#
## #.# #..# #.#
#..# #### #.# #<.#
##... #.###..####
##....
#o#.......###..#..
#@#.#.###..#..###.
#[#.#.# ##...##.#'
#.#.#.# #..##...#
#.#.#.# #...##.##
#.###.# ###..###.
#.....# ##..#..
###...# ##....
#...# ##### #...#


You could see an orc priest.

Vanquished Creatures
  An orc priest (D:4)
  A hound (D:4)
  8 mummies (Ossuary)
  6 adders
  2 oozes
  3 dart slugs
  3 leopard geckos
  7 orcs (D:4)
  A ball python (D:2)
  4 bats
  6 giant cockroaches
  4 hobgoblins
  5 kobolds
  A quokka (D:2)
  11 frilled lizards
  2 gnoll zombies (Ossuary)
  7 goblins (D:2)
  4 hobgoblin zombies (Ossuary)
  A kobold zombie (Ossuary)
  An orc zombie (Ossuary)
  5 rats
83 creatures vanquished.

Notes
Turn   | Place    | Note
-------+----------+-------------------------------------------
     0 | D:1      | empire the Draconian Monk began the quest for the Orb.
     0 | D:1      | Reached XP level 1. HP: 19/19 MP: 1/1
   462 | D:1      | Reached XP level 2. HP: 21/26 MP: 2/2
   823 | D:2      | Reached XP level 3. HP: 27/31 MP: 3/3
  1462 | D:2      | Reached XP level 4. HP: 38/38 MP: 4/4
  1743 | D:3      | Reached skill level 4 in Long Blades
  2046 | D:3      | Found a glowing silver altar of Zin.
  2348 | D:4      | Found a sand-covered staircase.
  2352 | Ossuary  | Entered an ossuary
  2689 | Ossuary  | Reached XP level 5. HP: 45/45 MP: 5/5
  3239 | D:4      | Reached XP level 6. HP: 26/51 MP: 6/6
  3741 | D:4      | Reached skill level 5 in Long Blades
  3749 | D:4      | Slain by an orc priest

Skill      XL: |  1  2  3  4  5  6 |
---------------+-------------------+-----
Stealth        | 2 3 |  3.4
Dodging        | 3 4 |  4.1
Long Blades    | 4 5 |  5.0
Fighting       | |  3.2
Spellcasting   | |  0.6

Action                   |  1- 3 |  4- 6 || total
-------------------------+-------+-------++-------
Melee: Falchion          |    63 |       ||    63
       Tailslap          |     8 |    21 ||    29
       Long sword        |    31 |   132 ||   163
  Use: Potion            |     1 |     7 ||     8
       Scroll            |       |     8 ||     8
 Stab: Sleeping          |     2 |     3 ||     5
  Eat: Chunk             |     2 |     3 ||     5
       Bread ration      |       |     1 ||     1
Armor: Skin              |    31 |    43 ||    74
Dodge: Dodged            |   102 |    84 ||   186
       Rpst.: Falchion   |    15 |       ||    15
       Long sword        |    15 |    26 ||    41
